Cogmind - Beta 12 @@@ ROGUE MODE // 2023.06.28 @ 05:12:45 Player: Gokudera ElPsyCongroo Result: Self-destructed Performance ------------- Evolutions (2) 1000 Regions Visited (5) 1000 Robots Destroyed (60) 300 Value Destroyed (1462) 1462 Prototype IDs (7) 140 Alien Tech Used (0) 0 Bonus (50) 50 TOTAL SCORE: 3952 Bonus ------- Follower Combat Kills 50 Cogmind --------- Core Integrity 536/550 Matter 290/300 Energy 278/280 System Corruption 0% Temperature Cool (84) Movement Treading (160) Location -8/Materials Parts ------- > --- POWER (1) -------- Heavy Ion Engine > --- PROPULSION (3) --- Light Treads Light Treads Light Treads > --- UTILITY (4) ------ Improved Heat Sink High-capacity Storage Unit Signal Interpreter Improved Targeting Computer > --- WEAPON (3) ------- Beam Rifle Particle Cannon Advanced Beam Cannon > --- INVENTORY (20) --- Heavy Ion Engine Light Treads Light Treads Improved Heat Sink Compact Battery (200) Machine Analyzer Improved Sensor Array Experimental Sensor Array Transport Network Coupler Hacking Suite Thief Drone Bay (3/3) Particle Cannon Particle Cannon Assault Cannon Assault Cannon Flak Cannon Flak Cannon Flak Cannon Rocket Launcher Mining Laser Peak State ------------ > --- POWER ------------ Heavy Ion Engine > --- PROPULSION ------- Light Treads Light Treads Light Treads > --- UTILITY ---------- High-capacity Storage Unit Experimental Sensor Array Signal Interpreter Improved Targeting Computer > --- WEAPON ----------- Beam Rifle Particle Cannon Advanced Beam Cannon > --- INVENTORY -------- Heavy Ion Engine Light Treads Light Treads Improved Heat Sink Compact Battery Machine Analyzer Improved Sensor Array Transport Network Coupler Hacking Suite Thief Drone Bay Particle Cannon Particle Cannon Assault Cannon Flak Cannon Flak Cannon Flak Cannon Flak Cannon Rocket Launcher Mining Laser [Rating: 31] Favorites ----------- Power Ion Engine Engine Ion Engine Propulsion Light Treads Treads Light Treads Utility Large Storage Unit Device Sensor Array Storage Large Storage Unit Processor Improved Targeting Computer Hackware Hacking Suite Weapon Advanced Beam Cannon Energy Gun Medium Laser Energy Cannon Advanced Beam Cannon Ballistic Gun Light Assault Rifle Launcher Grenade Launcher Special Weapon Mining Laser Build | -11 -10 -10 -9 -9 -8 ------- Run | Jun Mat Min Mat Min Mat Slots Evolved 4 | . . . 2 . 2 Power . | . . . . . . Propulsion 1 | . . . . . 1 Utility 2 | . . . 2 . . Weapon 1 | . . . . . 1 Parts Attached 99 | 6 9 15 53 8 8 Power 7 | 1 1 . 5 . . Engine 7 | 1 1 . 5 . . Core . | . . . . . . Reactor . | . . . . . . Propulsion 15 | 2 2 2 8 . 1 Treads 15 | 2 2 2 8 . 1 Leg . | . . . . . . Wheel . | . . . . . . Hover . | . . . . . . Flight . | . . . . . . Utility 46 | 1 2 8 26 6 3 Device 35 | . 1 5 21 6 2 Storage 7 | 1 1 2 2 . 1 Processor 3 | . . 1 2 . . Hackware 1 | . . . 1 . . Protection . | . . . . . . Artifact . | . . . . . . Weapon 31 | 2 4 5 14 2 4 Energy Gun 6 | 2 1 1 1 . 1 Energy Cannon 17 | . 2 2 10 1 2 Ballistic Gun 1 | . 1 . . . . Ballistic Cannon . | . . . . . . Launcher 2 | . . 1 1 . . Special Weapon 5 | . . 1 2 1 1 Impact Weapon . | . . . . . . Slashing Weapon . | . . . . . . Piercing Weapon . | . . . . . . Special Melee Weapon . | . . . . . . Unidentified Prototypes 4 | . . 1 3 . . Parts Lost 3 | . . 2 1 . . Power . | . . . . . . Propulsion 1 | . . 1 . . . Utility 1 | . . . 1 . . Weapon 1 | . . 1 . . . Highest Loss Streak 2 | . . 2 1 . . To Critical Strikes . | . . . . . . Average Slot Usage (%) 99 | . 99 99 99 100 97 Engine 11 | . 14 14 11 11 9 Treads 24 | . 28 28 21 22 27 Device 11 | . 13 13 10 11 9 Storage 11 | . 14 14 11 11 9 Processor 14 | . . . 22 22 18 Energy Gun 3 | . 9 5 1 . 7 Energy Cannon 19 | . 17 17 20 21 18 Special Weapon 1 | . . 4 . . . Naked Turns . | . . . . . . Heaviest Build 60 | 14 32 32 40 37 60 Greatest Support 60 | 40 40 40 40 40 60 Greatest Overweight (x) 1 | . . . 1 . . Average Overweight (x) . | . . . . . . Largest Inventory Capacity 20 | 8 15 20 15 15 20 Average Capacity 14 | 6 9 15 15 15 19 Most Carried 20 | 4 15 16 15 15 20 Average Carried 13 | 2 7 14 14 14 16 Final Capacity 20 | 8 15 15 15 15 20 Final Carried 20 | 4 15 15 15 15 20 Class Distribution -------------------- 79% | Mutant 13% | Scavenger-Mutant 6% | Skirmisher Dominant Class ---------------- Mutant | -10/Materials Mutant | -10/Mines Mutant | -9/Materials Mutant | -9/Mines Skirmisher | -8/Materials Resources | -11 -10 -10 -9 -9 -8 ----------- Run | Jun Mat Min Mat Min Mat Matter Collected 1235 | 230 122 195 540 80 68 Remotely . | . . . . . . Salvage Created 2905 | . 535 419 1509 252 190 Parts 127 | . 32 8 71 12 4 Haulers Intercepted 5 | . 1 . 3 . 1 Recyclers Shooed 6 | . 2 1 2 1 . Parts Field Recycled . | . . . . . . Retrieved Matter . | . . . . . . Parts Self-Destructed . | . . . . . . Prevented . | . . . . . . Kills | -11 -10 -10 -9 -9 -8 ------- Run | Jun Mat Min Mat Min Mat Combat Hostiles Destroyed 47 | . 6 12 19 8 2 Guns 5 | . 2 2 1 . . Cannons 34 | . 3 9 13 8 1 AOE 4 | . . 1 3 . . Classes Destroyed 9 | . 4 1 4 . . Worker 2 | . . . 1 1 . Hauler 5 | . 1 . 3 . 1 Recycler 11 | . 2 2 7 . . Operator 1 | . . . 1 . . Watcher 7 | . 3 . 3 . 1 Swarmer 4 | . . . 4 . . Grunt 27 | . 6 2 12 5 2 Sentry 3 | . . . 3 . . Assembled 13 | . . 10 . 3 . Best Kill Streak 10 | . 4 10 6 2 2 Combat Bots Only 9 | . 2 9 4 2 2 Max Kills in Single Turn 3 | . 1 2 3 1 1 Gunslinging . | . . . . . . Exploded 3 | . . 1 3 . . Melee . | . . . . . . Uniques/NPCs Destroyed . | . . . . . . Combat | -11 -10 -10 -9 -9 -8 -------- Run | Jun Mat Min Mat Min Mat Damage Taken 1447 | . 107 573 549 140 78 Core 225 | . . 86 105 20 14 Absorbed by Shields . | . . . . . . Regen/Repaired (Parts) 67 | . . . 67 . . Core Remaining (%) 77 | 100 . 65 . 68 . Volleys Fired 160 | . 22 32 66 29 11 Largest 3 | . 2 2 2 2 3 Hottest 192 | . 120 120 136 136 192 Shots Fired 303 | . 44 58 129 41 31 Gun 50 | . 22 13 5 . 10 Cannon 227 | . 22 39 122 24 20 Launcher 3 | . . 2 1 . . Special 23 | . . 4 1 17 1 Kinetic 2 | . 2 . . . . Thermal 298 | . 42 56 128 41 31 Explosive 3 | . . 2 1 . . Electromagnetic . | . . . . . . Robot Hit Streak 15 | . 11 15 15 9 8 Robot Miss Streak 7 | . 3 2 7 3 4 Penetration Max . | . . . . . . Secondary Targets . | . . . . . . Shots Hit Robots 165 | . 26 31 76 17 15 Core Hits 90 | . 15 23 36 10 6 Critical Kills 3 | . 1 . 1 . 1 Critical Parts Destroyed . | . . . . . . Critical Strikes 10 | . 2 2 2 . 4 Burn 7 | . 1 2 1 . 3 Meltdown 3 | . 1 . 1 . 1 Melee Attacks . | . . . . . . Impact . | . . . . . . Slashing . | . . . . . . Piercing . | . . . . . . Sneak Attacks . | . . . . . . Combat Hostiles . | . . . . . . Follow-up Attacks . | . . . . . . Damage Inflicted 3372 | . 392 726 1577 401 276 Guns 425 | . 163 112 63 . 87 Cannons 2615 | . 229 472 1420 307 187 Explosions 225 | . . 142 83 . . Melee . | . . . . . . Ramming 35 | . . . 11 22 2 Kinetic 16 | . 16 . . . . Thermal 3159 | . 376 647 1483 379 274 Explosive 162 | . . 79 83 . . Electromagnetic . | . . . . . . Impact . | . . . . . . Slashing . | . . . . . . Piercing . | . . . . . . Highest Corruption 1 | . . 1 . . . Average Corruption 1 | . . 1 . . . Corruption Purged . | . . . . . . Corruption Blocked . | . . . . . . Effects 8 | . . 8 . . . Message Errors 1 | . . 1 . . . Matter Fused 5 | . . 5 . . . Heat Flow Errors 1 | . . 1 . . . Data Loss (minor) 1 | . . 1 . . . Overload Shots . | . . . . . . Overflow Damage 13 | . . 13 . . . Projectiles 13 | . . 13 . . . Explosions . | . . . . . . Melee . | . . . . . . Knockbacks . | . . . . . . Impact . | . . . . . . Kinetic . | . . . . . . Secondary . | . . . . . . Self-Inflicted Damage . | . . . . . . Shots . | . . . . . . Rammed 8 | . . . 3 4 1 Targets Rammed 8 | . . . 3 4 1 Kicked . | . . . . . . Crushed . | . . . . . . Highest Temperature 371 | . 182 254 371 153 351 Average Temperature 68 | . 59 48 82 26 125 Received Heat Transfer 478 | . 60 40 279 54 45 Effects 1 | . . . 1 . . Energy Bleed 1 | . . . 1 . . Siege Activations . | . . . . . . Robots Corrupted . | . . . . . . Combat Hostiles . | . . . . . . Parts Fried . | . . . . . . Impact Corruptions . | . . . . . . Robots Melted 5 | . 1 . 3 . 1 Combat Hostiles 4 | . 1 . 2 . 1 Parts Melted 18 | . 4 . 10 2 2 Heat Transferred 6984 | . 999 1580 2923 705 777 Parts Sabotaged . | . . . . . . Parts Stolen . | . . . . . . Parts Stripped . | . . . . . . Power Chain Reactions . | . . . . . . Missiles Intercepted . | . . . . . . Alert | -11 -10 -10 -9 -9 -8 ------- Run | Jun Mat Min Mat Min Mat Peak Influence 164 | . 164 79 164 104 70 Initial 45 | . . 5 1 45 . Average 49 | . 80 17 79 30 9 Maximum Alert Level . | . . . . . . Low Security (%) 100 | 100 100 100 100 100 100 Level 1 . | . . . . . . Level 2 . | . . . . . . Level 3 . | . . . . . . Level 4 . | . . . . . . Level 5 . | . . . . . . High Security . | . . . . . . Max Security . | . . . . . . Squads Dispatched 4 | . 2 . 2 . . Investigation 1 | . . . 1 . . Extermination . | . . . . . . Reinforcement 3 | . 2 . 1 . . Assault . | . . . . . . Garrison . | . . . . . . Intercept . | . . . . . . Searches Triggered . | . . . . . . Construction Impeded . | . . . . . . Haulers Reinforced . | . . . . . . Active Scanning Responses . | . . . . . . Cargo Convoy Interrupts . | . . . . . . Stealth | -11 -10 -10 -9 -9 -8 --------- Run | Jun Mat Min Mat Min Mat Distress Signals 2 | . . . 2 . . Communications Jammed . | . . . . . . Distress Signals . | . . . . . . Times Spotted 79 | . 11 22 31 9 6 Peak Tracking Total 12 | . 3 12 4 3 4 Tactical Retreats 5 | . . 1 2 2 . Traps | -11 -10 -10 -9 -9 -8 ------- Run | Jun Mat Min Mat Min Mat Traps Triggered 1 | . . . 1 . . Indirectly . | . . . . . . Trap Hack Attempts . | . . . . . . Triggered . | . . . . . . Disarmed . | . . . . . . Reprogrammed . | . . . . . . Reused . | . . . . . . Traps Extracted . | . . . . . . Installed . | . . . . . . Triggered . | . . . . . . Machines | -11 -10 -10 -9 -9 -8 ---------- Run | Jun Mat Min Mat Min Mat Machines Disabled 5 | . . 1 2 . 2 Max in Single Turn 1 | . . 1 1 . 1 Machines Repaired . | . . . . . . Machines Sabotaged . | . . . . . . Overloaded Fab Kills . | . . . . . . Hacking | -11 -10 -10 -9 -9 -8 --------- Run | Jun Mat Min Mat Min Mat Machines Accessed 17 | . 5 1 8 . 3 Terminals 11 | . 5 . 4 . 2 Fabricators . | . . . . . . Repair Stations 1 | . . . 1 . . Recycling Units 2 | . . . 2 . . Scanalyzers 2 | . . . 1 . 1 Garrison Access . | . . . . . . Total Hacks 50 | . 17 1 25 . 7 Successful 28 | . 8 1 17 . 2 Failed 22 | . 9 . 8 . 5 Catastrophic 5 | . 3 . 2 . . Database Lockouts . | . . . . . . Manual 17 | . 9 . 7 . 1 Terminals 36 | . 17 . 13 . 6 Fabricators . | . . . . . . Repair Stations 7 | . . . 7 . . Recycling Units 3 | . . . 3 . . Scanalyzers 3 | . . . 2 . 1 Garrison Access . | . . . . . . Terminal Hacks 13 | . 6 1 5 . 1 Prototype ID Bank 1 | . 1 . . . . Open Door 1 | . . 1 . . . Alert Level 1 | . . . 1 . . Unreport Threat 2 | . . . 2 . . Locate Traps 4 | . 2 . 2 . . Recall Reinforcements 1 | . 1 . . . . Hauler Manifests 1 | . 1 . . . . Registered Prototypes 1 | . 1 . . . . Zone Layout 1 | . . . . . 1 Fabricator Hacks . | . . . . . . Repair Station Hacks 5 | . . . 5 . . Scan Component 3 | . . . 3 . . Repair 2 | . . . 2 . . Recycling Unit Hacks 3 | . . . 3 . . Report Inventory 3 | . . . 3 . . Scanalyzer 2 | . . . 1 . 1 Insert Component 2 | . . . 1 . 1 Garrison Access Hacks . | . . . . . . Unauthorized Hacks 5 | . 2 . 3 . . Terminals 5 | . 2 . 3 . . Track 1 | . . . 1 . . Botnet 4 | . 2 . 2 . . Fabricators . | . . . . . . Repair Stations . | . . . . . . Recycling Units . | . . . . . . Scanalyzers . | . . . . . . Garrison Access . | . . . . . . Data Cores Recovered . | . . . . . . Used . | . . . . . . Hacking Detections 14 | . 5 . 7 . 2 Full Trace Events 1 | . . . 1 . . Feedback Events . | . . . . . . Feedback Blocked . | . . . . . . Robot Schematics Acquired . | . . . . . . Robots Built . | . . . . . . Authchips . | . . . . . . Time . | . . . . . . Total Robot Build Rating . | . . . . . . Part Schematics Acquired . | . . . . . . Parts Built . | . . . . . . Authchips . | . . . . . . Time . | . . . . . . Total Part Build Rating . | . . . . . . Parts Repaired 2 | . . . 2 . . Time 79 | . . . 79 . . Parts Recycled . | . . . . . . Recycled Matter . | . . . . . . Retrieved Matter . | . . . . . . Retrieved Components . | . . . . . . Parts Scanalyzed 1 | . . . 1 . . Part Schematics Acquired . | . . . . . . Parts Damaged . | . . . . . . Bothacking | -11 -10 -10 -9 -9 -8 ------------ Run | Jun Mat Min Mat Min Mat Used RIF Installer . | . . . . . . Robots Hacked . | . . . . . . Non-combat . | . . . . . . Combat . | . . . . . . Robot Hacks Applied . | . . . . . . Relay Couplers Released . | . . . . . . Fabnet Peak Effective % . | . . . . . . Robots Rewired . | . . . . . . Allies Hacked . | . . . . . . Hacks Repelled . | . . . . . . Allies | -11 -10 -10 -9 -9 -8 -------- Run | Jun Mat Min Mat Min Mat Total Allies 3 | . . . . 3 . Largest Group 3 | . . . . 3 . Highest-Rated Group 40 | . . . . 40 . Highest-Rated Ally 16 | . . . . 16 . Total Orders . | . . . . . . Ally Attacks 51 | . . . 6 45 . Total Damage 339 | . . . 16 323 . Kills 3 | . . . 1 2 . Allies Corrupted . | . . . . . . Allies Melted . | . . . . . . Intel | -11 -10 -10 -9 -9 -8 ------- Run | Jun Mat Min Mat Min Mat Robot Analysis Total . | . . . . . . Derelict Logs Recovered 5 | . . 3 . 2 . Drone Launches 1 | . . . 1 . . Drone Recoveries 1 | . . . 1 . . Exploration | -11 -10 -10 -9 -9 -8 ------------- Run | Jun Mat Min Mat Min Mat Turns Passed 7608 | 125 961 1581 2804 1494 643 Spaces Moved 4018 | 74 518 872 1394 856 304 Core 5 | 5 . . . . . Treads 4013 | 69 518 872 1394 856 304 Legs . | . . . . . . Wheels . | . . . . . . Hover . | . . . . . . Flight . | . . . . . . Fastest Speed 50 | 50 160 160 160 160 160 Average Speed 159 | 152 160 160 160 160 160 Slowest Speed 240 | 160 160 160 240 160 160 Overloaded Moves . | . . . . . . Propulsion Burnouts . | . . . . . . Robots Hopped . | . . . . . . Cave-ins Triggered . | . . . . . . Exploration Rate (%) 58 | 5 73 95 59 99 19 Regions Visited 5 Branch Regions 2 Pre-discovered Areas 1 | . . 1 . . . Known Exits Taken 2 | . . . 1 1 . Unknown Exits Taken 3 | 1 1 1 . . . Scrap Searched 2 | . . 1 . 1 . Spaces Dug 6 | . . 4 1 . 1 Terrain Destroyed 30 | . . 15 12 2 1 Melee . | . . . . . . Projectile 8 | . . 4 1 2 1 AOE 22 | . . 11 11 . . Terrain Rammed . | . . . . . . Walls Destroyed . | . . . . . . Machines Disabled . | . . . . . . Actions | -11 -10 -10 -9 -9 -8 --------- Run | Jun Mat Min Mat Min Mat Total 4851 | 83 612 987 1836 900 433 Wait 458 | . 29 63 268 2 96 Move 4013 | 73 517 871 1393 855 304 Hop . | . . . . . . Pick Up 55 | 4 20 3 18 1 9 Fast Attach 21 | 6 3 1 10 . 1 Attach 7 | . . 2 3 . 2 Detach 2 | . . 1 . . 1 Swap 71 | . 6 12 40 8 5 Drop 56 | . 15 2 35 1 3 Fire 160 | . 22 32 66 29 11 Melee . | . . . . . . Ram . | . . . . . . Kick . | . . . . . . Crush 8 | . . . 3 4 1 Escape Stasis . | . . . . . . Rewire . | . . . . . . Trap . | . . . . . . Miscellaneous . | . . . . . . Route ------- -11/Junkyard -10/Materials (discovered 3 exits: *Mat x2 / *Min) -10/Mines (discovered 2 exits: *Mat x2) -9/Materials (discovered 2 exits: Mat / *Min) -9/Mines (discovered 2 exits: *Mat x2) -8/Materials History --------- Turn | Location | Event 7 | -11/Junkyard | Discovered new exit (range 15) 126 | -11/Junkyard | Entered Materials 235 | -10/Materials | Discovered new exit (range 15) 306 | -10/Materials | Build established: Mutant 508 | -10/Materials | Discovered new exit (range 10) 608 | -10/Materials | Discovered new exit (range 15) 1087 | -10/Materials | Entered Mines 1117 | -10/Mines | Learned 8 Materials zone layouts 1698 | -10/Mines | Discovered new exit (range 6) 1852 | -10/Mines | Discovered new exit (range 8) 1926 | -10/Mines | Assembled infested the area 1931 | -10/Mines | Assisted by a Guerilla fighting off Assembled 2047 | -10/Mines | Destroyed 9 combat bots 2297 | -10/Mines | Learned location of Storage (-7) 2556 | -10/Mines | Found the Drone Emporium 2566 | -10/Mines | Found Prototype Device 2566 | -10/Mines | Identified Thief Drone Bay 2668 | -10/Mines | Entered Materials 2668 | -9/Materials | Evolved 2 slots: Utility x2 2669 | -9/Materials | Identified exit to Materials 3552 | -9/Materials | Build established: Scavenger-Mutant 3672 | -9/Materials | Repaired Lgt. Armor Plating 4304 | -9/Materials | Repaired Broken Imp. Heat Sink? 4474 | -9/Materials | Build established: Mutant 4703 | -9/Materials | Discovered new exit (range 15) 4788 | -9/Materials | Identified exit to Mines 5472 | -9/Materials | Entered Mines 5475 | -9/Mines | Met a Derelict bent on vengeance 5476 | -9/Mines | Assisted by bots powering up and referring to "LRC-V3" 5492 | -9/Mines | Learned Materials trap positions 5492 | -9/Mines | Discovered exit to Materials (range 8) 5636 | -9/Mines | Found a hidden stash of uninstalled traps 5696 | -9/Mines | A weapon hastily lodged in a ceiling crevice suddenly fell to the ground 5833 | -9/Mines | Learned 2 Materials zone layouts 5844 | -9/Mines | Excavation squad dispatched 5844 | -9/Mines | A large section of the Mines collapsed 6040 | -9/Mines | Discovered exit to Materials (range 10) 6080 | -9/Mines | Found a damaged Exp. Sensor Array with a note attached 6084 | -9/Mines | Found Prototype Device 6966 | -9/Mines | Entered Materials 6966 | -8/Materials | Evolved 2 slots: Propulsion x1, Weapon x1 6968 | -8/Materials | Loaded intel: 20 trap records 7155 | -8/Materials | Identified Exp. Sensor Array 7417 | -8/Materials | Build established: Skirmisher 7609 | -8/Materials | Self-destructed Last Messages --------------- 07440_ U-05 Engineer builds a Wall. 07442_ Acquired Assault Cannon. 07444_ K-01 Serf cleans the Fusion Modulator. 07444_ Acquired 33 matter. 07447_ K-01 Serf cleans the Fusion Modulator. 07459_ Connecting with Terminal... >>Layout(Zone) Retrieving Zone 9Q layout... Downloaded map data. 07510_ Connecting with Terminal... 07516_ Dropped Flak Cannon. 07518_ Acquired Imp. Heat Sink. 07585_ G-47 Trooper suffers critical hit (Meltdown). 07585_ Imp. Heat Sink melted. 07588_ G-47 Trooper suffers critical hit (Burn). 07590_ G-47 Trooper heat spikes uncontrollably. 07591_ G-47 Trooper overheating. 07591_ Aluminum Leg melted. 07591_ G-47 Trooper destroyed. 07602_ U-05 Engineer builds a Door. Map ----- +----------------------------------------------------+ | ??????????????????????# """"" """"" #?????????###? | | ??????????????????###?# """"" """"" ########### ? | | ????????????????###T### # ? | | ????????????????# + / ? | | ????????????????# ^ # ] ! # #####+## ? | | ????????????????# ^^ ######+######## ## ## ? | | ????????????????+ ^ ##""" ## ? | | ????????????????# ^^ ##""" ## ? | | ????????????????########### ##""" ## ? | | ??????????????????????????# ## ## ? | | ??????????????????##??????# "T" ####/### ? | | ?????????????????? #??????# | | ?????????????????? #??????# | | ?????????????????? #??????# ####+#### """ [! | | ?????????????????? #??????# # # """ [! | | ??????????????##?? #??????# # +! """ !! | | ??????????????? ?? ########+# #]] | | ???????????????# ? # # */%] | | ???????????????# # """ # #]]####T#### ? | | ???????????????# # """ # # #??###??##? | | ???????????????# #u """w # # #?????????? | | ???????????????# %+% # # ########??? | | ???????????????# # """ # # # #??? | | ???????????????# ? # """ # # # "" #??? | | ?????????????????? # """ # # # ""S #??? | | ?????????????????? # g @ ######### # "" #??? | | ????????????????^^^##########???????# # #??? | | ????????????????????????????????????# # #??? | | ????????????????????????????????????# #####+##### | | ????????????????????????????????????# | | ????????????????????????????????????# | | ????????????????????????????????????# | | ????????????????????????????????????# | | ????????????????????????????????????# | | ????????????????????????????????????# "" """ | | ????????????????????????????????????# """ """ | | ????????????????????????????????????# """ "" | | ????????????????????????????????????# | | ????????????????????????????????????# | | ???^????????????????????????????????# #### | | ??????????????????????????????????? ???# | | ??????????????????????????????????? ???# | | ??????????????????????????????????? ???# | | ????????????????????????????????????? ???# | | ?????????????????????????????????????? ???# | | ????????????????????????????????????????? ???# | | ???????????????????????????????????????????????# | | ???????????????????????????????????????????????# | | ???????????????????????????????????????????????# | | ???????????????????????????????????????????????# | +----------------------------------------------------+ Best States ------------- Heat Dissipation 45 Energy Generation 14 Energy Capacity 280 Matter Stores 300 Matter Capacity 300 Sight Range 16 Robot Scan Range 20 Terrain Scan Density 10 Evasion (%) 40 Targeting Accuracy 6 Recoil Reduction 3 Offensive Hacking 10 Item Schematics ----------------- None Robot Schematics ------------------ None Fabricated ------------ Nothing Alien Tech Used ----------------- None Achievements -------------- None Challenges ------------ None Game ------ Seed GhostCompactModule Manual? 0 Play Time 01:03:36 Cumulative 55.9 hours Start 2023.06.28 @ 04:05:29 End 2023.06.28 @ 05:12:45 Sessions 1 Manual Loads 0 Difficulty Rogue Special Mode None Game No. 18 Rogue 18 Adventurer 0 Explorer 0 Win Type - Total 1 Types 1/0/0/0/0/0/0/0/0 Lore% 34 Gallery% 48 Achievement% 32 Wizard Run 0 Options --------- ASCII 0 Keyboard 1 Movement Numpad Keybinds 1 Fullscreen 1 Font 24/Proggy Map View 76x50 Tactical HUD 1 Map Filters NONE Filters NONE Steam 1 RUN: 44a0b0d6-4a1e-4aac-9235-caa7337bfa64